Map: Terraços Prion

Players

MiToSiS

  • Race: Terran Terran
  • League: Master

TheZergLord - Winner!

  • Race: Zerg Zerg
  • League: Master

VOD

Have the link to the VOD?

Description

Time

  • Played on: May 3, 2016, 11:58 a.m.
  • Length: 6:55
Show
View Real Time Build Order
Export as new Build Order

MiToSiS Terran 

Build Orders: Reaper Expand 

Get SALT Encoding   

  12  0:01  SCV  
  13  0:14  SCV  
  14  0:19  Supply Depot  
  14  0:26  SCV  
  15  0:41  Barracks, SCV  
  16  0:46  Refinery  
  16  0:53  SCV  
  17  1:08  SCV  
  18  1:20  SCV  
  19  1:29  Reaper  
  19  1:32  Orbital Command  
  20  1:43  Command Center  
  20  1:57  Supply Depot  
  20  2:00  SCV  
  21  2:02  Barracks Reactor  
  21  2:11  Refinery  
  21  2:13  SCV  
  22  2:23  Factory  
  22  2:31  Bunker, SCV  
  23  2:43  SCV  
  24  2:46  Marine x2  
  26  2:55  SCV  
  28  3:06  Orbital Command  
  28  3:08  Widow Mine  
  28  3:09  Marine x2  
  28  3:10  Starport  
  28  3:11  Supply Depot  
  30  3:15  SCV  
  31  3:28  SCV  
  31  3:30  Supply Depot  
  31  3:32  SCV  
  33  3:34  Marine  
  33  3:36  Marine  
  33  3:40  Factory Tech Lab, SCV  
  36  3:44  SCV  
  36  3:47  Medivac  
  39  3:52  SCV  
  40  3:56  Marine  
  40  3:57  Marine  
  40  3:58  SCV  
  43  4:04  SCV  
  43  4:09  Factory Reactor  
  44  4:13  SCV  
  45  4:20  Command Center  
  45  4:23  Barracks  
  45  4:24  Liberator  
  45  4:26  Barracks  
  45  4:28  Barracks  
  45  4:40  Marine  
  45  4:42  SCV  
  45  4:45  Refinery, SCV  
  51  4:47  Engineering Bay  
  51  4:53  Supply Depot  
  51  4:57  Marine  
  49  5:03  Hellion x2  
  49  5:15  Marine  
  26  5:33  Marine  
  18  5:36  SCV  
  19  5:48  SCV  
  20  5:51  Marine  
  19  5:58  Marine x2  
  19  6:03  Hellion x2  
  22  6:13  SCV  
  20  6:25  SCV  
  19  6:37  SCV  
Show
View Real Time Build Order
Export as new Build Order

TheZergLord Zerg - Winner!

Build Orders: Hatch First 

Get SALT Encoding   

  12  0:01  Drone  
  13  0:12  Overlord  
  13  0:17  Drone  
  14  0:30  Drone  
  14  0:31  Drone  
  14  0:34  Drone  
  17  0:52  Hatchery  
  17  0:55  Drone  
  17  0:58  Drone  
  18  1:09  Extractor  
  17  1:14  Spawning Pool  
  17  1:16  Drone  
  17  1:20  Drone  
  18  1:28  Drone  
  19  1:39  Overlord  
  19  2:00  Queen  
  21  2:01  Zergling x4  
  21  2:07  Queen  
  25  2:09  Drone  
  25  2:12  Metabolic Boost  
  26  2:16  Drone  
  26  2:21  Drone  
  28  2:24  Drone  
  28  2:28  Drone  
  30  2:33  Drone  
  30  2:42  Queen  
  31  2:48  Drone x3  
  31  2:50  Lair  
  34  2:55  Drone  
  34  2:58  Extractor  
  34  3:02  Overlord  
  34  3:13  Drone  
  34  3:15  Overlord  
  35  3:22  Drone x5  
  35  3:23  Drone  
  35  3:25  Drone  
  42  3:30  Zergling x2  
  43  3:38  Baneling Nest, Zergling x2  
  43  3:45  Zergling x6  
  43  3:46  Zergling x4  
  48  3:50  Queen  
  50  3:57  Queen, Nydus Network  
  50  3:59  Overlord  
  51  4:04  Overlord  
  51  4:19  Zergling x12, Overlord  
  51  4:20  Zergling x4  
  59  4:28  Queen  
  61  4:32  Queen  
  61  4:34  Nydus Canal  
  61  4:38  Baneling x4  
  63  4:46  Zergling x8  
  63  4:47  Zergling x2  
  68  4:58  Overseer  
  68  5:18  Queen  
  67  5:25  Zergling x6  
  67  5:26  Zergling x2  
  67  5:28  Overlord x2  
  66  5:31  Queen  
  59  5:53  Queen  
  56  6:15  Zergling x2  
  56  6:16  Zergling x22  
  56  6:18  Queen  
Tags
 
Add a new tag
Caveats
  • Supply blocks, unpowered buildings, or Contaminate may cause inaccurate times.
  • Supply counts are checked every 10 seconds.